 Dungeon Crawl Stone Soup version 0.28-a0-1142-gc8569940dd (webtiles) character file.

Game seed: 18078866785003440871

116 ChaosChampion the Insei (level 5, -33/34 HPs)
             Began as an Octopode Transmuter on Dec 13, 2021.
             Killed from afar by Ijyb (34 damage)
             ... with a bolt of acid
             ... on level 3 of the Dungeon.
             The game lasted 00:03:44 (2727 turns).

ChaosChampion the Insei (Octopode Transmuter)       Turns: 2727, Time: 00:03:45

Health: -33/34     AC: -2    Str:  9    XL:     5   Next: 1%
Magic:  2/9        EV: 20    Int: 18    God:
Gold:   180        SH:  0    Dex: 17    Spells: 3/9 levels left

rFire   . . .      SeeInvis .     - Unarmed
rCold   . . .      Faith    .   (shield currently unavailable)
rNeg    . . .      Spirit   .   (helmet currently unavailable)
rPois   x          Reflect  .   (no amulet)
rElec   .          Harm     .   (no ring)
rCorr   .          Rampage  .   (no ring)
Will    .....                   (no ring)
Stlth   ++........              (no ring)
HPRegen 0.11/turn               (no ring)
MPRegen 0.11/turn               (no ring)
                                (no ring)
                                (no ring)

@: spider-form (expiring), corroded, very slightly contaminated
A: venomous fangs, almost no armour, (amphibious), 8 rings, tiny, (camouflage
1), (gelatinous body 1), (nimble swimmer 1), (tentacles)
a: End Transformation


You were on level 3 of the Dungeon.
You were a venomous arachnid creature.
You visited 1 branch of the dungeon, and saw 3 of its levels.
You also visited: Sewer.

You collected 180 gold pieces.

Inventory:

Missiles
 a - 2 atropa-tipped darts
Armour
 k - a +1 hat (melded)
Scrolls
 b - 5 scrolls of identify {unknown}
 c - a scroll of holy word {unknown}
 d - 3 scrolls of fear {unknown}
 e - a scroll of amnesia {unknown}
 h - a scroll of blinking {unknown}
 j - 2 scrolls of teleportation {unknown}
 l - a scroll of noise {unknown}
 m - a scroll of torment {unknown}
 n - a scroll of summoning {unknown}
 q - a scroll of enchant weapon {unknown}
 s - a scroll of fog {unknown}
Potions
 f - a potion of magic {unknown}
 g - a potion of haste {unknown}
 i - a potion of flight {unknown}
 o - 2 potions of might {unknown}
 p - a potion of invisibility {unknown}
 r - a potion of heal wounds {unknown}


   Skills:
 - Level 2.2 Fighting
 + Level 2.8 Dodging
 * Level 3.5 Unarmed Combat
 + Level 2.7 Spellcasting
 + Level 2.7 Transmutations
 * Level 0.0 Poison Magic


You had 3 spell levels left.
You knew the following spells:

 Your Spells              Type           Power      Damage    Failure   Level
a - Beastly Appendage     Tmut           24%        N/A       16%         1
b - Wereblood             Tmut           12%        N/A       22%         2
c - Spider Form           Tmut/Pois      7%         N/A       50%         3

Your spell library contained the following spells:

 Spells                   Type           Power      Damage    Failure   Level
 Ice Form                 Ice/Tmut       7%         N/A       85%         4


Dungeon Overview and Level Annotations

Branches:
Dungeon (3/15)              Sewer (visited)

Altars:
Uskayaw

Annotations:
D:3 Ijyb


Innate Abilities, Weirdness & Mutations

You are a venomous arachnid creature.
You have poisonous fangs.
You are tiny and dextrous.
Your spellcasting is less reliable in this form.
Your armour is entirely melded.
You are incapable of wielding weapons or throwing items.
You cannot wear most types of armour.
((You are amphibious.))
You can wear up to eight rings at the same time.
((Your skin changes colour to match your surroundings (Stealth+).))
((Your rubbery body absorbs attacks. (AC +1, EV +1)))
((You are camouflaged near water. (Stealth+)))
((You have tentacles for arms and can constrict up to eight enemies at once.))


Message History

The spell is quite dangerous to miscast (28% risk of failure)!
Continue anyway?
You miscast Spider Form.
You are very lightly contaminated with residual magic.
Nothing appears to happen.
Casting: Spider Form (quite dangerous; 28% risk of failure)
Confirm with . or Enter, or press ? or * to list all spells.
The spell is quite dangerous to miscast (28% risk of failure)!
Continue anyway?
You turn into a venomous arachnid creature.
Your +1 hat melds into your body.
Casting: Spider Form (extremely dangerous; 50% risk of failure)
Confirm with . or Enter, or press ? or * to list all spells.
You miscast Wereblood.
Nothing appears to happen.
Ijyb shouts!
Ijyb zaps a wand.
The bolt of acid misses you. Ijyb hits you with a +0 dagger.
You hit Ijyb.
Ijyb is poisoned.
Ijyb is lightly wounded.
Ijyb hits you with a +0 dagger.
You hit Ijyb but do no damage.
Ijyb is lightly wounded.
Ijyb barely misses you.
You hit Ijyb.
Ijyb looks as sick as possible!
Ijyb is lightly wounded.
Your transformation is almost over.
Ijyb completely misses you.
You hit Ijyb but do no damage.
Ijyb looks as sick as possible!
Ijyb is lightly wounded.
Ijyb misses you.
You barely miss Ijyb.
Ijyb is lightly wounded.
Ijyb misses you.
You hit Ijyb but do no damage.
Ijyb looks as sick as possible!
Ijyb is moderately wounded.
Ijyb zaps a wand.
The bolt of acid hits you!!
Ouch! That really hurt!
* * * LOW HITPOINT WARNING * * *
The acid corrodes you!
Ijyb zaps a wand.
The bolt of acid hits you!!
Ouch! That really hurt!
You die...

#..##.........#.........
#8.8#...................
###...####.##.###.........
#8...8.8......# .... ....
#..._......#### ##
#8.8.8.....# #
###.........## #
....8.8g.....# #.##
###..#.#.s..# .##.#.
##...###....... ......
##### ######## #.... #...
##.> #.. #.. #.. #..


You could see Ijyb (extremely poisoned).

Vanquished Creatures
  Jessica (D:3)
  2 adders
  5 dart slugs
  2 bats
  7 endoplasms
  3 giant cockroaches
  3 hobgoblins
  7 jackals
  8 kobolds
  8 ball pythons
  6 frilled lizards (Sewer)
  2 goblins (D:1)
  6 rats
60 creatures vanquished.

Vanquished Creatures (others)
  4 plants (Sewer)
4 creatures vanquished.

Grand Total: 64 creatures vanquished

Notes
Turn   | Place    | Note
-------+----------+-------------------------------------------
     0 | D:1      | ChaosChampion the Octopode Transmuter began the quest for
                  | the Orb.
     0 | D:1      | Reached XP level 1. HP: 13/13 MP: 3/3
   113 | D:1      | Reached XP level 2. HP: 18/18 MP: 3/5
   116 | D:1      | Learned a level 2 spell: Wereblood
   916 | D:2      | Found a hide-covered altar of Uskayaw.
   990 | D:2      | Reached XP level 3. HP: 21/23 MP: 2/6
  1841 | D:3      | Found a glowing drain.
  1861 | D:3      | Noticed Jessica
  1873 | D:3      | Reached XP level 4. HP: 29/29 MP: 3/7
  1874 | D:3      | Killed Jessica
  1886 | Sewer    | Entered a sewer
  2612 | D:3      | Reached XP level 5. HP: 33/34 MP: 5/9
  2616 | D:3      | Learned a level 3 spell: Spider Form
  2705 | D:3      | Found a faded altar of an unknown god.
  2705 | D:3      | Noticed Ijyb
  2724 | D:3      | HP: 1/34 [Ijyb/bolt of acid (25)]
  2727 | D:3      | Killed from afar by Ijyb

Illustrated notes

Levels and vault maps discovered:
D:1:      eino_arrival_cavern_a, layout_rooms, feat_on_display
D:2:      layout_loops_ring, basic_altar, kennysheep_minor_cross
D:3:      kennysheep_six_static_rooms, layout_rooms,
          cheibrodos_sewer_entry_drain, ebering_ecumenical_altar_ruins,
          uniq_jessica, uniq_ijyb

Skill      XL: |  1  2  3  4 |
---------------+-------------+-----
Fighting       | 2 |  2.2
Dodging        | |  2.8
Unarmed Combat | |  3.5
Spellcasting   | |  2.7
Transmutations | |  2.7

Action                   |  1- 3 |  4- 6 || total
-------------------------+-------+-------++-------
Melee: Unarmed           |    76 |    53 ||   129
       Constrict         |    21 |    14 ||    35
       Tentacles         |    10 |     5 ||    15
       Kick              |    11 |     6 ||    17
       Punch             |       |     1 ||     1
 Cast: Beastly Appendage |    19 |     9 ||    28
       Wereblood         |    17 |     8 ||    25
       Spider Form       |       |     1 ||     1
 Stab: Sleeping          |     3 |     2 ||     5
Armor: Skin              |    10 |     3 ||    13
Dodge: Dodged            |    58 |    30 ||    88

Table legend: (Time is in decaauts)
 A = Elapsed time spent in this place.
 B = Non-inter-level travel time spent in this place.
 C = Inter-level travel time spent in this place.
 D = Time resting spent in this place.
 E = Time spent auto-exploring this place.
 F = Levels seen in this place.
 G = Mean time per level.
                   A        B        C        D        E       F      G
               +--------+--------+--------+--------+--------+-----+--------+
         Total |   2718 |   2668 |     50 |      0 |   2111 |   4 |  679.5 |
       Dungeon |   2149 |   2099 |     50 |      0 |   1733 |   3 |  716.3 |
         Sewer |    569 |    569 |      0 |      0 |    378 |   1 |  569.0 |
               +--------+--------+--------+--------+--------+-----+--------+

Top non-repeatable levels by time:
     D:2: 984 daAuts
     D:1: 851 daAuts
   Sewer: 569 daAuts
     D:3: 313 daAuts
